SBL
HAWTHORN HAWKS @ SANDRINGHAM ZEBRAS
05/01/2022
 
TOP OF THE 1ST
Hawthorn Hawks batting - Pitching for Sandringham Zebras : RHP Bob Stewart
Pitching: RHP Bob Stewart
Batting: LHB Fred Pascoe 0-0: Ball
1-0: Called Strike
1-1: Foul Ball, location: 2F
1-2: Foul Ball, location: 2F
1-2: Ball
2-2: Foul Ball, location: 2F
2-2: Ball
3-2: Foul Ball, location: 2F
3-2: Foul Ball, location: 3F
3-2: Ground out 6-3 (Groundball, 6, EV 83.8 MPH)
Batting: RHB Frank Crang 0-0: Ball
1-0: Ball
2-0: Called Strike
2-1: Foul Ball, location: 2F
2-2: Ground out 6-3 (Groundball, 6, EV 81.9 MPH)
Batting: RHB Marvin Leckenby 0-0: Ground out 5-3 (Groundball, 56S, EV 80.0 MPH)
Top of the 1st over - 0 runs, 0 hits, 0 errors, 0 left on base; Hawthorn 0 - Sandringham 0
BOTTOM OF THE 1ST
Sandringham Zebras batting - Pitching for Hawthorn Hawks : RHP Alan Redelius
Pitching: RHP Alan Redelius
Batting: RHB Greg Spiers 0-0: Ground out 6-3 (Groundball, 6, EV 90.0 MPH)
Batting: RHB Will Stock 0-0: Ball
1-0: Foul Ball, location: 2F
1-1: Ground out 5-3 (Groundball, 56, EV 100.6 MPH)
Batting: RHB Paul Stavely 0-0: Ball
1-0: Called Strike
1-1: Ball
2-1: Ball
3-1: Ground out U3 (Groundball, 3S, EV 88.1 MPH)
Bottom of the 1st over - 0 runs, 0 hits, 0 errors, 0 left on base; Hawthorn 0 - Sandringham 0
TOP OF THE 2ND
Hawthorn Hawks batting - Pitching for Sandringham Zebras : RHP Bob Stewart
Batting: LHB David Hayter 0-0: Foul Ball, location: 25F
0-1: Ball
1-1: Ball
2-1: Ball
3-1: Foul Ball, location: 3F
3-2: Ground out 6-3 (Groundball, 4MS, EV 89.4 MPH)
Batting: RHB Ed Glynn 0-0: Ball
1-0: Fly out, F9 (Flyball, 89S, EV 76.9 MPH)
Batting: LHB Chandler Cheney 0-0: Swinging Strike
0-1: Ball
1-1: Ball
2-1: Swinging Strike
2-2: Fly out, F8 (Flyball, 78D, EV 103.8 MPH)
Top of the 2nd over - 0 runs, 0 hits, 0 errors, 0 left on base; Hawthorn 0 - Sandringham 0
BOTTOM OF THE 2ND
Sandringham Zebras batting - Pitching for Hawthorn Hawks : RHP Alan Redelius
Batting: LHB Chris Beavis 0-0: Ball
1-0: Ball
2-0: DOUBLE (Line Drive, 5D, EV 103.8 MPH)
Batting: LHB Roberto Hurtado 0-0: Swinging Strike
0-1: Ball
1-1: Ball
2-1: Ball
3-1: Base on Balls
Batting: RHB Chris Leather 0-0: Called Strike
0-1: Foul Ball, location: 9LSF
0-2: SINGLE (Groundball, 6MD, EV 104.4 MPH)
Chris Beavis to third
Roberto Hurtado to second
Batting: LHB Jason Sullivan 0-0: Foul Ball, location: 25F
0-1: Called Strike
0-2: Fly out, F9 (Flyball, 9D, EV 100.0 MPH)
Runner from 3rd tags up, SCORES, no throw by RF
Batting: RHB Steve Ralston 0-0: Ball
1-0: Ball
2-0: Fly out, F9 (Flyball, 9, EV 84.4 MPH)
Batting: RHB Jim Gibbs 0-0: Ball
1-0: SINGLE (Groundball, 4MD, EV 99.4 MPH)
Roberto Hurtado to third
Chris Leather to second
Runner from 3rd tries for Home, SAFE, throw by CF to home
Batting: RHB Greg Spiers 0-0: Called Strike
0-1: Ball
1-1: Fielders Choice at 2nd, 5-4 (Groundball, 56, EV 87.5 MPH)
Bottom of the 2nd over - 2 runs, 3 hits, 0 errors, 2 left on base; Hawthorn 0 - Sandringham 2
TOP OF THE 3RD
Hawthorn Hawks batting - Pitching for Sandringham Zebras : RHP Bob Stewart
Batting: RHB Justin Williams 0-0: Ball
1-0: Called Strike
1-1: Swinging Strike
1-2: Foul Ball, location: 2F
1-2: Foul Ball, location: 9LDF
1-2: Foul Ball, location: 9LSF
1-2: Fly out, F6 (Popup, 6MS, EV 75.6 MPH)
Batting: LHB Chris Cunningham 0-0: Ball
1-0: Called Strike
1-1: Ball
2-1: Called Strike
2-2: Ball
3-2: Base on Balls
Batting: RHB Jordan Gordon 0-0: Foul Ball, location: 25F
0-1: Ball
1-1: Fielders Choice at 2nd, 1-6 (Groundball, 13S, EV 62.5 MPH)
Batting: LHB Fred Pascoe 0-0: Ball
1-0: Ground out 6-3 (Groundball, 6S, EV 78.1 MPH)
Top of the 3rd over - 0 runs, 0 hits, 0 errors, 1 left on base; Hawthorn 0 - Sandringham 2
BOTTOM OF THE 3RD
Sandringham Zebras batting - Pitching for Hawthorn Hawks : RHP Alan Redelius
Batting: RHB Will Stock 0-0: Ball
1-0: SINGLE (Groundball, 6MD, EV 95.6 MPH)
Batting: RHB Paul Stavely 0-0: Called Strike
0-1: Ball
1-1: Ball
2-1: Foul Ball, location: 2F
2-2: Ball
3-2: Ground out 4-3 (Groundball, 34, EV 80.0 MPH)
Will Stock to second
Batting: LHB Chris Beavis 0-0: Fly out, F8 (Line Drive, 89D, EV 88.1 MPH)
Batting: LHB Roberto Hurtado 0-0: Called Strike
0-1: Fly out, F7 (Line Drive, 7S, EV 90.0 MPH)
Bottom of the 3rd over - 0 runs, 1 hit, 0 errors, 1 left on base; Hawthorn 0 - Sandringham 2
TOP OF THE 4TH
Hawthorn Hawks batting - Pitching for Sandringham Zebras : RHP Bob Stewart
Batting: RHB Frank Crang 0-0: Called Strike
0-1: Ball
1-1: Foul Ball, location: 25F
1-2: Ball
2-2: Fly out, F3 (Popup, 3SF, EV 68.8 MPH)
Batting: RHB Marvin Leckenby 0-0: Called Strike
0-1: Ball
1-1: Ball
2-1: Hit by Pitch
Batting: LHB David Hayter 0-0: Fly out, F8 (Flyball, 8RD, EV 98.1 MPH)
Batting: RHB Ed Glynn 0-0: Ball
1-0: DOUBLE (Line Drive, 9LD, EV 105.0 MPH)
Marvin Leckenby to third
Batting: LHB Chandler Cheney 0-0: Ball
1-0: Swinging Strike
1-1: Ball
2-1: Called Strike
2-2: Foul Ball, location: 2F
2-2: Foul Ball, location: 5F
2-2: Fly out, F8 (Line Drive, 8LM, EV 97.5 MPH)
Top of the 4th over - 0 runs, 1 hit, 0 errors, 2 left on base; Hawthorn 0 - Sandringham 2
BOTTOM OF THE 4TH
Sandringham Zebras batting - Pitching for Hawthorn Hawks : RHP Alan Redelius
Batting: RHB Chris Leather 0-0: Foul Ball, location: 9LMF
0-1: Ball
1-1: Ball
2-1: Ball
3-1: Foul Ball, location: 2F
3-2: Fly out, F8 (Flyball, 8RM, EV 92.5 MPH)
Batting: LHB Jason Sullivan 0-0: Ball
1-0: Swinging Strike
1-1: Foul Ball, location: 2F
1-2: Foul Ball, location: 5DF
1-2: Fly out, F7 (Flyball, 78S, EV 91.3 MPH)
Batting: RHB Steve Ralston 0-0: Ball
1-0: Called Strike
1-1: Ball
2-1: Swinging Strike
2-2: Strikes out swinging
Bottom of the 4th over - 0 runs, 0 hits, 0 errors, 0 left on base; Hawthorn 0 - Sandringham 2
TOP OF THE 5TH
Hawthorn Hawks batting - Pitching for Sandringham Zebras : RHP Bob Stewart
Batting: RHB Justin Williams 0-0: Ball
1-0: Foul Ball, location: 2F
1-1: Ball
2-1: Ball
3-1: Called Strike
3-2: Fly out, F9 (Flyball, 89M, EV 95.6 MPH)
Batting: LHB Chris Cunningham 0-0: Foul Ball, location: 25FF
0-1: Ball
1-1: Ball
2-1: Ball
3-1: Base on Balls
Batting: RHB Jordan Gordon 0-0: Foul Ball, location: 7LDF
0-1: Called Strike
0-2: Foul Ball, location: 2F
0-2: Foul Ball, location: 23F
0-2: Strikes out swinging
Batting: LHB Fred Pascoe 0-0: Called Strike
0-1: Ball
1-1: Ball
2-1: Ball
3-1: Called Strike
3-2: DOUBLE (Flyball, 8LXD, EV 101.3 MPH)
Chris Cunningham to third
Chris Cunningham scores
Batting: RHB Frank Crang 0-0: Ball
1-0: Fly out, F7 (Line Drive, 7, EV 90.6 MPH)
Top of the 5th over - 1 run, 1 hit, 0 errors, 1 left on base; Hawthorn 1 - Sandringham 2
BOTTOM OF THE 5TH
Sandringham Zebras batting - Pitching for Hawthorn Hawks : RHP Alan Redelius
Batting: RHB Jim Gibbs 0-0: Ball
1-0: Ball
2-0: Fly out, F8 (Flyball, 8LM, EV 91.3 MPH)
Batting: RHB Greg Spiers 0-0: Foul Ball, location: 2F
0-1: Foul Ball, location: 9LDF
0-2: Ball
1-2: Ground out 6-3 (Groundball, 6M, EV 103.1 MPH)
Batting: RHB Will Stock 0-0: Called Strike
0-1: SOLO HOME RUN (Flyball, 7LD, EV 95.6 MPH), Distance : 352 ft
Batting: RHB Paul Stavely 0-0: Ball
1-0: Foul Ball, location: 7LMF
1-1: Foul Ball, location: 3DF
1-2: Foul Ball, location: 2F
1-2: Fly out, F3 (Popup, 34S, EV 64.4 MPH)
Bottom of the 5th over - 1 run, 1 hit, 0 errors, 0 left on base; Hawthorn 1 - Sandringham 3
TOP OF THE 6TH
Hawthorn Hawks batting - Pitching for Sandringham Zebras : RHP Bob Stewart
Batting: RHB Marvin Leckenby 0-0: Ball
1-0: Called Strike
1-1: Ground out 4-3 (Groundball, 4, EV 88.8 MPH)
Batting: LHB David Hayter 0-0: Ball
1-0: Ball
2-0: Ball
3-0: Base on Balls
Batting: RHB Ed Glynn 0-0: Fly out, F7 (Flyball, 7, EV 92.5 MPH)
Batting: LHB Chandler Cheney 0-0: Foul Ball, location: 25FF
0-1: Ball
1-1: Ball
2-1: Ball
3-1: Base on Balls
David Hayter to second
Batting: RHB Justin Williams 0-0: Ball
1-0: Foul Ball, location: 25FF
1-1: Swinging Strike
1-2: Strikes out swinging
Top of the 6th over - 0 runs, 0 hits, 0 errors, 2 left on base; Hawthorn 1 - Sandringham 3
BOTTOM OF THE 6TH
Sandringham Zebras batting - Pitching for Hawthorn Hawks : RHP Alan Redelius
Batting: LHB Chris Beavis 0-0: Swinging Strike
0-1: Ball
1-1: Ball
2-1: Swinging Strike
2-2: Foul Ball, location: 2F
2-2: Foul Ball, location: 2F
2-2: Ball
3-2: DOUBLE (Line Drive, 89D, EV 96.9 MPH)
Batting: LHB Roberto Hurtado 0-0: Fly out, F8 (Line Drive, 8RM, EV 91.9 MPH)
Batting: RHB Chris Leather 0-0: Called Strike
0-1: Called Strike
0-2: Ball
1-2: Foul Ball, location: 2F
1-2: Ball
2-2: Foul Ball, location: 25F
2-2: Ball
3-2: Ground out 4-3 (Groundball, 4, EV 110.6 MPH)
Chris Beavis to third
Batting: LHB Jason Sullivan 0-0: Called Strike
0-1: Ball
1-1: Ball
2-1: Ball
3-1: Foul Ball, location: 5SF
3-2: Foul Ball, location: 2F
3-2: Foul Ball, location: 2LF
3-2: Base on Balls
Pitching: RHP Irving Plumbly
Batting: RHB Steve Ralston 0-0: Ball
1-0: Ball
2-0: Called Strike
2-1: Foul Ball, location: 9LSF
2-2: Ball
3-2: Foul Ball, location: 9LSF
3-2: Ground out 5-3 (Groundball, 56S, EV 86.3 MPH)
Bottom of the 6th over - 0 runs, 1 hit, 0 errors, 2 left on base; Hawthorn 1 - Sandringham 3
TOP OF THE 7TH
Hawthorn Hawks batting - Pitching for Sandringham Zebras : RHP Bob Stewart
Pitching: RHP Claud Broughton
Batting: LHB Chris Cunningham 0-0: Called Strike
0-1: Called Strike
0-2: Ball
1-2: Strikes out looking
Batting: RHB Jordan Gordon 0-0: Ball
1-0: Ball
2-0: Called Strike
2-1: Foul Ball, location: 2F
2-2: Fly out, F9 (Flyball, 9LS, EV 84.4 MPH)
Batting: LHB Fred Pascoe 0-0: Ball
1-0: Fly out, F6 (Line Drive, 6, EV 67.5 MPH)
Top of the 7th over - 0 runs, 0 hits, 0 errors, 0 left on base; Hawthorn 1 - Sandringham 3
BOTTOM OF THE 7TH
Sandringham Zebras batting - Pitching for Hawthorn Hawks : RHP Irving Plumbly
Batting: RHB Jim Gibbs 0-0: Foul Ball, location: 5F
0-1: Called Strike
0-2: Strikes out swinging
Batting: RHB Greg Spiers 0-0: Fly out, F7 (Flyball, 7S, EV 88.8 MPH)
Batting: RHB Will Stock 0-0: Ball
1-0: Foul Ball, location: 2F
1-1: Foul Ball, location: 2F
1-2: SINGLE (Line Drive, 34D, EV 98.8 MPH)
Batting: RHB Paul Stavely 0-0: Ball
1-0: Called Strike
1-1: Ball
2-1: Called Strike
2-2: Foul Ball, location: 2F
2-2: Fly out, F8 (Flyball, 89D, EV 108.1 MPH)
Bottom of the 7th over - 0 runs, 1 hit, 0 errors, 1 left on base; Hawthorn 1 - Sandringham 3
TOP OF THE 8TH
Hawthorn Hawks batting - Pitching for Sandringham Zebras : RHP Claud Broughton
Batting: RHB Frank Crang 0-0: Ball
1-0: Swinging Strike
1-1: Foul Ball, location: 25F
1-2: SINGLE (Line Drive, 6M, EV 95.0 MPH)
Batting: RHB Marvin Leckenby 0-0: Swinging Strike
0-1: Swinging Strike
0-2: Foul Ball, location: 5FF
0-2: Ball
1-2: Strikes out swinging
Batting: LHB David Hayter 0-0: Called Strike
0-1: SINGLE (Line Drive, 3D, EV 101.9 MPH)
Frank Crang to second
Batting: RHB Ed Glynn 0-0: Ball
1-0: Called Strike
1-1: 3-RUN HOME RUN (Flyball, 8LXD, EV 110.6 MPH), Distance : 425 ft
Pitching: RHP Stu Burgoin
Batting: LHB Chandler Cheney 0-0: Ball
1-0: Foul Ball, location: 9LSF
1-1: Foul Ball, location: 23F
1-2: Fly out, F9 (Line Drive, 9S, EV 85.0 MPH)
Batting: RHB Justin Williams 0-0: Called Strike
0-1: Fly out, F8 (Flyball, 8RD, EV 96.3 MPH)
Top of the 8th over - 3 runs, 3 hits, 0 errors, 0 left on base; Hawthorn 4 - Sandringham 3
BOTTOM OF THE 8TH
Sandringham Zebras batting - Pitching for Hawthorn Hawks : RHP Irving Plumbly
Batting: LHB Chris Beavis 0-0: Ball
1-0: Ball
2-0: SINGLE (Line Drive, 3D, EV 98.8 MPH)
Batting: LHB Roberto Hurtado 0-0: Ball
1-0: Ball
Wild Pitch!
Chris Beavis to second
2-0: Foul Ball, location: 2F
2-1: Swinging Strike
2-2: Ball
3-2: Foul Ball, location: 5F
3-2: Fly out, F9 (Flyball, 8RS, EV 74.4 MPH)
Batting: RHB Chris Leather 0-0: Called Strike
0-1: Foul Ball, location: 3DF
0-2: Strikes out swinging
Batting: LHB Jason Sullivan 0-0: Foul Ball, location: 7LDF
0-1: Swinging Strike
0-2: Foul Ball, location: 2F
0-2: Fly out, F8 (Line Drive, 8LM, EV 97.5 MPH)
Bottom of the 8th over - 0 runs, 1 hit, 0 errors, 1 left on base; Hawthorn 4 - Sandringham 3
TOP OF THE 9TH
Hawthorn Hawks batting - Pitching for Sandringham Zebras : RHP Stu Burgoin
Batting: LHB Chris Cunningham 0-0: Ball
1-0: Hit by Pitch
Batting: RHB Jordan Gordon 0-0: Sac Bunt to 2L - play at second, runner OUT! 2-6
Batting: LHB Fred Pascoe 0-0: Ball
1-0: Grounds into double play, 6-4-3 (Groundball, 6, EV 82.5 MPH)
Top of the 9th over - 0 runs, 0 hits, 0 errors, 0 left on base; Hawthorn 4 - Sandringham 3
BOTTOM OF THE 9TH
Sandringham Zebras batting - Pitching for Hawthorn Hawks : RHP Irving Plumbly
Pitching: RHP John Kingsley
Pinch Hitting: LHB Wesley Clemmet 0-0: Foul Ball, location: 2RF
0-1: Foul Ball, location: 2F
0-2: Foul Ball, location: 7LDF
0-2: SINGLE (Groundball, 6MD, EV 102.5 MPH)
Batting: RHB Jim Gibbs 0-0: Called Strike
0-1: Ball
1-1: Foul Ball, location: 25F
1-2: SINGLE (Line Drive, 89S, EV 90.0 MPH)
Wesley Clemmet to second
Batting: RHB Greg Spiers 0-0: Called Strike
0-1: Ball
1-1: Sac Bunt to 3S - play at first, batter OUT! 3-1
Wesley Clemmet to third
Jim Gibbs to second
Batting: RHB Will Stock 0-0: Ball
1-0: Ball
2-0: Ball
3-0: Called Strike
3-1: Base on Balls
Batting: RHB Paul Stavely 0-0: Foul Ball, location: 7LDF
0-1: GRAND SLAM HOME RUN (Line Drive, 78XD, EV 110.6 MPH), Distance : 411 ft
Bottom of the 9th over - 4 runs, 3 hits, 0 errors, 0 left on base; Hawthorn 4 - Sandringham 7
Saturday, April 27th , 2024 - OOTP Baseball 24.9 Build 80